 Dungeon Crawl Stone Soup version 0.20-a0-739-g6bb112f (webtiles) character file.

25 polly the Slasher (level 2, -2/22 HPs)
             Began as a Demonspawn Gladiator on Feb 25, 2017.
             Slain by Sigmund
             ... wielding a +0 scythe
              (3 damage)
             ... on level 2 of the Dungeon.
             The game lasted 00:00:59 (948 turns).

polly the Slasher (Demonspawn Gladiator)             Turns: 948, Time: 00:00:59

Health: -2/22      AC:  4    Str: 14    XL:     2   Next: 86%
Magic:  2/2        EV: 13    Int:  9    God:
Gold:   74         SH:  0    Dex: 14    Spells: 1/1 levels left

rFire    . . .     SeeInvis .   a - +0 long sword
rCold    . . .     Gourm    .   b - +0 leather armour
rNeg     . . .     Faith    .   (no shield)
rPois    .         Spirit   .   c - +0 helmet
rElec    .         Reflect  .   (no cloak)
rCorr    .         Harm     .   (no gloves)
MR       .....                  (no boots)
Stlth    +.........             (no amulet)
Regen    0.1/turn               (no ring)
MPRegen  0.1/turn               (no ring)

@: confused
A: spiny 1
a: no special abilities


You were on level 2 of the Dungeon.
You were not hungry.

You visited 1 branch of the dungeon, and saw 2 of its levels.

You collected 74 gold pieces.

Inventory:

Hand Weapons
 a - a +0 long sword (weapon)
Missiles
 d - 3 throwing nets (quivered)
Armour
 b - a +0 leather armour (worn)
 c - a +0 helmet (worn)
Jewellery
 e - a +5 ring of intelligence {unknown}
Scrolls
 g - 2 scrolls of identify {unknown}
 j - a scroll of enchant weapon {unknown}
 k - a scroll of random uselessness {unknown}
 o - a scroll of immolation {unknown}
Potions
 h - a potion of curing {unknown}
 l - a potion of lignification {unknown}
 m - a potion of heal wounds {unknown}
 n - a potion of brilliance {unknown}
 p - a potion of haste {unknown}
Comestibles
 f - a bread ration
 i - 2 meat rations


   Skills:
 + Level 2.0 Fighting
 + Level 3.3 Long Blades
 + Level 1.8 Throwing
 + Level 0.1 Armour
 + Level 3.1 Dodging


You had one spell level left.
You didn't know any spells.

Dungeon Overview and Level Annotations

Branches:
Dungeon (2/15)

Altars:

Annotations:
D:2 Sigmund


Innate Abilities, Weirdness & Mutations

You are partially covered in sharp spines.


Message History

You closely miss something. Something hits you.
You're too confused to move!
You completely miss something. Something hits you.
* * * LOW HITPOINT WARNING * * *
You miss something. Something hits you.
* * * LOW HITPOINT WARNING * * *
You bump into the rock wall.
You hear some strange, mumbled words.
You are more confused.
You bump into the rock wall.
Something completely misses you.
You bump into the rock wall.
You barely miss something. Something hits you.
* * * LOW HITPOINT WARNING * * *
Throwing (i - inventory):
d - 3 throwing nets (quivered)
Press: ? - help, Shift-Dir - straight line, f - you Really target yourself?
Okay, then.
Unknown command.
You bump into the rock wall.
Something hits you.
You die...

...............# #.# ##.
.#####........# #>###..
#.####.### #......
#...##.# #.#....
.######...#.# #......
..........).#######......
###.####..#......<...#...
#.####.#.......... #@#
#.......... #{#
#.......... ..#
#.##....##. .#.# #.
#....# . ..#.# #. #....#
. .. #.# .. ...... .##
#.# .. ..#


There were no monsters in sight!

Vanquished Creatures
  A dart slug (D:1)
  A leopard gecko (D:1)
  4 goblins (D:1)
  4 hobgoblins (D:1)
  2 bats (D:1)
  2 frilled lizards (D:1)
  6 kobolds (D:1)
  3 rats (D:1)
23 creatures vanquished.

Notes
Turn   | Place    | Note
-------+----------+-------------------------------------------
     0 | D:1      | polly the Demonspawn Gladiator began the quest for the Orb.
     0 | D:1      | Reached XP level 1. HP: 16/16 MP: 1/1
   138 | D:1      | Gained mutation: You are partially covered in sharp spines. [demonic ancestry]
   138 | D:1      | Reached XP level 2. HP: 14/22 MP: 2/2
   926 | D:2      | Noticed Sigmund
   947 | D:2      | HP: 1/22 [something (4)]
   948 | D:2      | Slain by Sigmund

Vault maps used:
D:1:      eino_arrival_cavern_a, minmay_crystal_water
D:2:      old_standard_altar, uniq_sigmund

Skill      XL: |  1  2 |
---------------+-------+-----
Dodging        | 3 |  3.1
Long Blades    | 3 |  3.3
Fighting       | |  2.0
Throwing       | |  1.8
Armour         | |  0.1

Action                   || total
-------------------------++-------
Melee: Long sword        ||    53
Armor: Leather armour    ||    11
Dodge: Dodged            ||    26
       Rpst.: Long sword ||     4
